 Dungeon Crawl Stone Soup version 0.17.0-18-gaab0e96 (console) character file.

75 gw the Charmwright (level 3, 0/29 HPs)
             Began as a Demigod Skald on Nov 11, 2015.
             Succumbed to an adder's poison
             ... on level 3 of the Dungeon.
             The game lasted 00:02:18 (2918 turns).

gw the Charmwright (Demigod Skald)                  Turns: 2918, Time: 00:02:18

Health: 0/29       AC:  4    Str: 15    XL:     3   Next: 88%
Magic:  1/9        EV: 11    Int: 18    God:
Gold:   83         SH:  0    Dex: 15    Spells: 3 memorised, 1 level left

rFire  . . .     SeeInvis .     a - +0 spear
rCold  . . .     Clarity  .     g - +0 leather armour
rNeg   . . .     SustAt   +     (no shield)
rPois  .         Gourm    .     (no helmet)
rElec  .         Spirit   .     (no cloak)
rCorr  .         Warding  .     (no gloves)
rMut   .         Stasis   .     h - +0 pair of boots
MR     .....                    (no amulet)
Stlth  +.........               (no ring)
                                (no ring)

@: lethally poisoned (0 -> -3), infused, not resistant to hostile enchantments,
very unstealthy
A: high mp 1, sustain attributes
a: no special abilities


You were on level 3 of the Dungeon.
You were not hungry.

You visited 1 branch of the dungeon, and saw 3 of its levels.

You collected 83 gold pieces.

Inventory:

Hand Weapons
 a - a +0 spear (weapon)
 b - a +0 hunting sling
Missiles
 e - 8 sling bullets
 f - 113 stones (quivered)
Armour
 g - a +0 leather armour (worn)
 h - a +0 pair of boots (worn)
Books
 c - a book of Battle

   Spells                             Type                      Level
   a - Infusion                       Charms                       1
   b - Shroud of Golubria             Charms/Translocation         2
   c - Song of Slaying                Charms                       2
   d - Spectral Weapon                Hexes/Charms                 3
   e - Regeneration                   Charms/Necromancy            3


   Skills:
 + Level 2.2 Fighting
 + Level 2.1 Polearms
 + Level 1.6 Armour
 - Level 0.8 Dodging
 * Level 2.4 Spellcasting
 + Level 3.2 Charms


You had one spell level left.
You knew the following spells:

 Your Spells              Type           Power        Failure   Level  Hunger
a - Infusion              Chrm           ##....       8%          1    #......
b - Shroud of Golubria    Chrm/Tloc      #.........   17%         2    ##.....
c - Song of Slaying       Chrm           ##......     12%         2    ##.....


Dungeon Overview and Level Annotations

Branches:
Dungeon (3/15)


Innate Abilities, Weirdness & Mutations

You have an increased reservoir of magic (+10% MP).
Your attributes are resistant to harm.


Message History

Unknown command.
Unknown command.
Unknown command.
Unknown command.
ATTACKING (1,0)
You swing at nothing.
Your shroud unravels.
Unknown command.
Unknown command.
Unknown command.
Unknown command.
ATTACKING (1,0)
You swing at nothing.
Unknown command.
Unknown command.
Unknown command.
Unknown command.
ATTACKING (1,0)
You swing at nothing.
You die...

#... #...## ....#
#### #..# ##....
#####.<####..# .
#............# ##.#
..######.....## .....
...........####......
#####.###...)p.......
#.. ###.###....$. ##.
#..# ##... .. ##... #
## ##.# ... .# #


There were no monsters in sight!

Table legend:
 A = Turns spent in this place as a percentage of turns spent in the entire game.
 B = Non-inter-level travel turns spent in this place as a percentage of non-inter-level travel turns spent in the entire game.
 C = Inter-level travel turns spent in this place as a percentage of turns spent in this place.
 D = Turns resting spent in this place as a percentage of non-inter-level travel turns spent in this place.
 E = Turns spent auto-exploring this place as a percentage of non-inter-level travel turns spent in this place.
 F = Non-inter-level travel turns spent in this place divided by the number of levels of this place that you've seen.
                   A       B       C       D       E      F
               +-------+-------+-------+-------+-------+----------------------
         Total | 100.0 | 100.0 |   0.5 |   1.9 |   1.9 | 1170.3
       Dungeon | 100.0 | 100.0 |   0.5 |   1.9 |   1.9 | 1170.3
               +-------+-------+-------+-------+-------+----------------------

Table legend:
 A = Kills in this place as a percentage of kills in entire the game.
 B = Kills by you in this place as a percentage of kills by you in the entire game.
 C = Kills by friends in this place as a percentage of kills by friends in the entire game.
 D = Other kills in this place as a percentage of other kills in the entire game.
 E = Experience gained in this place as a percentage of experience gained in the entire game.
 F = Experience gained in this place divided by the number of levels of this place that you have seen.
                   A       B       C       D       E      F
               +-------+-------+-------+-------+-------+----------------------
         Total | 100.0 | 100.0 |  -nan |  -nan | 100.0 |  36.0
       Dungeon | 100.0 | 100.0 |  -nan |  -nan | 100.0 |  36.0
               +-------+-------+-------+-------+-------+----------------------

Vanquished Creatures
  3 adders
  2 worms (D:2)
  6 bats
  A giant cockroach (D:1)
  7 goblins
  7 hobgoblins
  3 jackals (D:1)
  5 kobolds
  A ball python (D:2)
  3 giant newts
  5 rats
43 creatures vanquished.

Notes
Turn   | Place    | Note
--------------------------------------------------------------
     0 | D:1      | gw the Demigod Skald began the quest for the Orb.
     0 | D:1      | Reached XP level 1. HP: 17/17 MP: 5/5
    12 | D:1      | Reached skill level 1 in Armour
   226 | D:1      | Reached XP level 2. HP: 24/24 MP: 1/7
   304 | D:1      | Learned a level 2 spell: Shroud of Golubria
   307 | D:1      | Learned a level 2 spell: Song of Slaying
  1430 | D:2      | Reached skill level 3 in Charms
  1579 | D:2      | Reached XP level 3. HP: 29/29 MP: 2/9
  2910 | D:3      | HP: 1/29 [poisoned by an adder]
  2918 | D:3      | Succumbed to an adder's poison

Action                   || total
-------------------------++-------
Melee: Spear             ||    90
 Fire: Hunting sling     ||    44
 Cast: Infusion          ||    27
       Shroud of Golubri ||    30
  Eat: Chunk             ||     4
       Bread ration      ||     1

Vault maps used:
D:1:      tarquinn_simple_flora_water_f, serial_curves, eino_curves_04,
          eino_curves_02
D:2:      minmay_misc_feat_tiny
D:3:      grunt_dithmenos_smoke, tso_oasis_becter, first_bread, uniq_sigmund
